 Dungeon Crawl Stone Soup version 0.24.0-13-gcf9b319 (webtiles) character file.

Game seed: 16989588114782270708, levelgen mode: deterministic

26 Bronimir the Firebug (level 3, 0/33 HPs)
             Began as an Ogre Fire Elementalist on Apr 28, 2020.
             Succumbed to an adder's poison
             ... on level 2 of the Dungeon on Apr 29, 2020.
             The game lasted 00:03:16 (1078 turns).

Bronimir the Firebug (Ogre Fire Elementalist)       Turns: 1078, Time: 00:03:16

Health: 0/33       AC:  3    Str: 17    XL:     3   Next: 8%
Magic:  1/7        EV: 10    Int: 17    God:
Gold:   57         SH:  0    Dex:  9    Spells: 4/7 levels left

rFire    . . .     SeeInvis .   f - +0 club
rCold    . . .     Gourm    .   (no shield)
rNeg     . . .     Faith    .   a - +0 robe
rPois    .         Spirit   .   (helmet restricted)
rElec    .         Reflect  .   (no cloak)
rCorr    .         Harm     .   (gloves unavailable)
MR       .....                  (boots unavailable)
Stlth    +.........             (no amulet)
HPRegen  0.11/turn              (no ring)
MPRegen  0.10/turn              (no ring)

@: mighty, lethally poisoned (0 -> -6)
A: large, unfitting armour, tough skin 1
a: no special abilities


You were on level 2 of the Dungeon.
You were hungry.

You visited 1 branch of the dungeon, and saw 2 of its levels.

You collected 57 gold pieces.

Inventory:

Hand Weapons
 f - a +0 club (weapon)
Missiles
 d - 27 stones (quivered)
 g - 6 arrows
Armour
 a - a +0 robe (worn)
Scrolls
 b - a scroll of identify {unknown}
 e - a scroll of random uselessness {unknown}
 h - a scroll of fear {unknown}
 i - a scroll of magic mapping {unknown}
Comestibles
 c - a ration


   Skills:
 * Level 1.2 Fighting
 + Level 0.1 Maces & Flails
 * Level 1.7 Dodging
 - Level 1.4 Stealth
 * Level 2.8 Spellcasting
 * Level 1.1 Conjurations
 * Level 3.2 Fire Magic


You had 4 spell levels left.
You knew the following spells:

 Your Spells              Type           Power        Failure   Level  Hunger
a - Flame Tongue          Conj/Fire      #....        8%          1    #......
b - Throw Flame           Conj/Fire      #.....       11%         2    ##.....

Your spell library contained the following spells:

 Spells                   Type           Power        Failure   Level  Hunger
 Conjure Flame            Conj/Fire      #.......     22%         3    ###....
 Inner Flame              Hex/Fire       #.......     26%         3    ###....
 Sticky Flame             Conj/Fire      #.......     58%         4    #####..
 Fireball                 Conj/Fire      #.........   90%         5    ######.


Dungeon Overview and Level Annotations

Branches:
Dungeon (2/15)

Altars:


Innate Abilities, Weirdness & Mutations

You are too large for most types of armour.
You have tough skin. (AC +1)


Message History

* * * LOW HITPOINT WARNING * * *
You are lethally poisoned!
The adder poisons you! The adder bites you.
* * * LOW HITPOINT WARNING * * *
You miss the adder.
The adder is lightly wounded.
* * * LOW HITPOINT WARNING * * *
You feel sick. The adder bites you but does no damage.
You barely miss the adder.
The adder is lightly wounded.
* * * LOW HITPOINT WARNING * * *
You feel sick. The adder closely misses you. x2
You hit the adder.
The adder is heavily wounded.
The adder bites you.
* * * LOW HITPOINT WARNING * * *
The adder closely misses you.
You closely miss the adder.
The adder is heavily wounded.
You die...

#########
#...)...#
#.#####.#
#.# #...#
#.# #.###
#@# #.# #S#
#.# #.# #.#
#.# #.# #.#
#.# #.# #.#
#.# #.#####
#.# #<....#
#.###.###.#


You could see an adder.

Vanquished Creatures
  A leopard gecko (D:1)
  3 bats
  A giant cockroach (D:1)
  5 hobgoblins
  3 jackals (D:1)
  2 kobolds
  A frilled lizard (D:1)
  2 goblins (D:1)
  4 rats (D:1)
22 creatures vanquished.

Notes
Turn   | Place    | Note
-------+----------+-------------------------------------------
     0 | D:1      | Bronimir the Ogre Fire Elementalist began the quest for the
                  | Orb.
     0 | D:1      | Reached XP level 1. HP: 16/16 MP: 3/3
   155 | D:1      | Reached skill level 3 in Fire Magic
   172 | D:1      | Reached XP level 2. HP: 10/24 MP: 0/5
   656 | D:1      | Reached skill level 1 in Conjurations
   660 | D:1      | Learned a level 2 spell: Throw Flame
  1020 | D:2      | Reached skill level 1 in Fighting
  1020 | D:2      | Reached XP level 3. HP: 33/33 MP: 5/7
  1077 | D:2      | HP: 1/33 [adder (3)]
  1078 | D:2      | Succumbed to an adder's poison

Levels and vault maps discovered:
D:1:      minmay_arrival_widening_spiral_wide, layout_rooms,
          corexii_corridor_pit
D:2:      layout_basic, lemuel_crystal_altar, nicolae_tso_swordbearing_angel,
          uniq_sigmund, uniq_crazy_yiuf_cottage

Skill      XL: |  1  2 |
---------------+-------+-----
Fire Magic     | 3 |  3.2
Conjurations   | 1 |  1.1
Fighting       | 1 |  1.2
Maces & Flails | |  0.1
Dodging        | |  1.7
Stealth        | |  1.4
Spellcasting   | |  2.8

Action                   || total
-------------------------++-------
Melee: Club              ||    37
 Cast: Flame Tongue      ||    38
  Use: Potion            ||     1
Armor: Robe              ||    13
Dodge: Dodged            ||    47
